 Dungeon Crawl Stone Soup version 0.23.2 (webtiles) character file.

Game seed: 4850854165541997834

84 PikkenKukken the Skirmisher (level 4, -2/37 HPs)
             Began as a Formicid Abyssal Knight on Apr 7, 2019.
             Was a Follower of Lugonu.
             Slain by an ogre
             ... wielding a cursed +0 giant club
              (15 damage)
             ... on level 4 of the Dungeon.
             The game lasted 00:03:49 (2894 turns).

PikkenKukken the Skirmisher (FoAK)                  Turns: 2894, Time: 00:03:49

Health: -2/37      AC:  7    Str: 17    XL:     4   Next: 74%
Magic:  6/6        EV: 11    Int: 12    God:    Lugonu [*.....]
Gold:   134        SH:  0    Dex: 10    Spells: 3/3 levels left

rFire    . . .     SeeInvis +   a - +1 hand axe
rCold    + . .     Gourm    .   (no shield)
rNeg     . . .     Faith    .   k - +0 leather armour {rC+}
rPois    .         Spirit   .   (helmet unavailable)
rElec    .         Reflect  .   d - +2 cloak
rCorr    .         Harm     .   f - +0 pair of gloves
MR       .....                  (no boots)
Stlth    +.........             (no amulet)
HPRegen  0.12/turn              (no ring)
MPRegen  0.10/turn              (no ring)

@: no status effects
A: permanent stasis, dig shafts and tunnels, four strong arms, antennae 3
a: Dig, Shaft Self, Depart the Abyss, Renounce Religion


You were on level 4 of the Dungeon.
You worshipped Lugonu.
Lugonu was aware of your devotion.
You were not hungry.

You visited 1 branch of the dungeon, and saw 4 of its levels.
You visited the Abyss 1 time.

You collected 134 gold pieces.

Inventory:

Hand Weapons
 a - a +1 hand axe (weapon)
Armour
 b - a +0 leather armour
 d - a +2 cloak (worn)
 f - a +0 pair of gloves (worn)
 k - a +0 leather armour of cold resistance (worn)
Jewellery
 g - an uncursed ring of wizardry {unknown}
Scrolls
 i - a scroll of identify
Potions
 j - a potion of curing
Comestibles
 c - 4 rations
 l - a chunk of flesh


   Skills:
 + Level 3.8 Fighting
 * Level 3.0 Axes
 + Level 2.8 Armour
 + Level 1.5 Dodging
 + Level 2.9 Invocations


You had 3 spell levels left.
You didn't know any spells.
Your spell library was empty.

Dungeon Overview and Level Annotations

Branches:
Dungeon (4/15)
 Temple: D:4-7

Altars:
Xom
Yredelemnul

Annotations:
D:3 3 runed translucent doors, gothhamster's ghost, novice GnFi


Innate Abilities, Weirdness & Mutations

You cannot be hasted, slowed, berserked, paralysed or teleported.
You can dig through walls and to a lower floor.
Your four strong arms can wield two-handed weapons with a shield.
You have a pair of large antennae on your head. (SInv)


Message History

l - 2 chunks of flesh You see here a quokka skeleton. x2
Eating one of 2 chunks of flesh.
You eat one of the 2 chunks of flesh.
This raw flesh tastes terrible.
Found a stone staircase leading down.
An ogre comes into view. It is wielding a +0 giant club.
The ogre shouts!
Okay, then.
It was a potion of curing.
You feel better.
It was a potion of haste.
Your stasis prevents you from being hasted.
It was a potion of heal wounds.
You feel much better.
An orc comes into view. It is wielding a +0 dagger.
There is a stone staircase leading up here.
You hit the ogre but do no damage.
The ogre hits you with a cursed +0 giant club!!
Ouch! That really hurt!
You hit the ogre but do no damage.
The ogre hits you with a cursed +0 giant club!
You die...

#..##.. ##.#
#.....## #..#
......#####.#
#.........#
...##.........#
#..$.$........#
###...........####
##.#......รท....#
...........O@..#
###.##......#####
... #......# #.#
##.....# >.
#.....# #....[#
#.....# #######


You could see an ogre.

Vanquished Creatures
  Jessica (D:3)
  3 adders
  A worm (D:2)
  5 hobgoblins
  2 quokkas
  3 bats
  4 frilled lizards
  5 goblins
  4 kobolds
  2 rats
  A spectral orc (D:2)
31 creatures vanquished.

Notes
Turn   | Place    | Note
-------+----------+-------------------------------------------
     0 | Abyss:1  | PikkenKukken the Formicid Abyssal Knight began the quest
                  | for the Orb.
     0 | Abyss:1  | Reached XP level 1. HP: 18/18 MP: 2/2
     6 | Abyss:1  | Found a corrupted altar of Lugonu.
    58 | Abyss:1  | Found a viscous altar of Jiyva.
    67 | D:1      | Escaped the Abyss
   261 | D:1      | Reached skill level 1 in Dodging
   394 | D:1      | Reached * piety under Lugonu
   394 | D:1      | Reached XP level 2. HP: 24/24 MP: 3/3
  1330 | D:2      | Found a basalt altar of Yredelemnul.
  1455 | D:2      | Reached XP level 3. HP: 17/29 MP: 4/4
  1679 | D:2      | Found a shimmering altar of Xom.
  1755 | D:3      | Noticed Jessica
  2113 | D:3      | Killed Jessica
  2113 | D:3      | Reached XP level 4. HP: 34/37 MP: 4/6
  2248 | D:3      | Found a runed translucent gate.
  2249 | D:3      | Found a runed translucent gate.
  2250 | D:3      | Found a runed translucent gate.
  2251 | D:3      | Noticed gothhamster's ghost (novice GnFi)
  2879 | D:4      | Noticed an ogre
  2894 | D:4      | Slain by an ogre

Skill      XL: |  1  2  3  4 |
---------------+-------------+-----
Dodging        | 1 |  1.5
Axes           | 3 |  3.0
Fighting       | |  3.8
Armour         | |  2.8
Invocations    | |  2.9

Action                   |  1- 3 |  4- 6 || total
-------------------------+-------+-------++-------
Melee: Hand axe          |    92 |    22 ||   114
Invok: Depart the Abyss  |     1 |       ||     1
 Abil: Dig               |     1 |       ||     1
  Use: Scroll            |     3 |       ||     3
       Potion            |       |     3 ||     3
  Eat: Chunk             |     3 |     3 ||     6
Armor: Leather armour    |    30 |    12 ||    42
Dodge: Dodged            |    39 |    15 ||    54
